 Dungeon Crawl Stone Soup version 0.28.0-45-g0d030f2227 (webtiles) character file.

Game seed: 11296865976326187912

6272 CryoSword the Fighter (level 10, 0/87 (110) HPs)
             Began as an Ogre Berserker on Apr 17, 2022.
             Was a Priest of Trog.
             Slain by a wight
             ... wielding a +1 vorpal war axe
             ... summoned by an orange crystal statue
              (8 damage)
             ... on level 9 of the Dungeon.
             The game lasted 00:11:49 (9733 turns).

CryoSword the Fighter (Ogre Berserker)              Turns: 9733, Time: 00:11:50

HP:   0/87 (110)    AC:  5    Str: 29      XL:     10   Next: 94%
MP:   0/10          EV: 12    Int:  6 (8)  God:    Trog [***...]
Gold: 484           SH:  0    Dex: 12      Spells: 9/9 levels left

rFire   + . .      SeeInvis .   q - +3 quarterstaff of Zaat {vamp, +Blink rPois Will-}
rCold   + . .      Faith    .   (shield currently unavailable)
rNeg    . . .      Spirit   .   K - +0 troll leather armour
rPois   +          Reflect  .   (helmet restricted)
rElec   .          Harm     .   G - scarf {rC+ rF+}
rCorr   +          Rampage  .   (gloves unavailable)
Will    ++...                   (boots unavailable)
Stlth   +.........              i - amulet of regeneration
HPRegen 2.84/turn               x - +6 ring of strength
MPRegen 0.12/turn               w - ring of resist corrosion

@: confused, strong-willed (expiring), on berserk cooldown, regenerating
(expiring), slowed, heavily drained, very slow
A: large, unfitting armour, tough skin 1
a: Renounce Religion, Evoke Blink, Berserk, Trog's Hand


You were on level 9 of the Dungeon.
You worshipped Trog.
Trog was most pleased with you.
You visited 1 branch of the dungeon, and saw 9 of its levels.

You collected 484 gold pieces.

Inventory:

Hand Weapons
 k - a +1 giant spiked club
   (You took it off an ogre on level 5 of the Dungeon)
 q - the +3 quarterstaff of Zaat (weapon) {vamp, +Blink rPois Will-}
   (You found it on level 3 of the Dungeon)

   It occasionally heals its wielder for a portion of the damage dealt when it
   wounds a living foe.
   rPois:     It protects you from poison.
   +Blink:    It lets you blink.
   Will:      It decreases your willpower.
Missiles
 g - 14 poisoned darts (quivered)
 I - 2 throwing nets
Armour
 G - a scarf of resistance (worn)
   (You found it on level 8 of the Dungeon)
 K - a +0 troll leather armour (worn)
   (You found it on level 9 of the Dungeon)
Jewellery
 d - an amulet of reflection
   (You found it on level 1 of the Dungeon)
 i - an amulet of regeneration (around neck)
   (You found it on level 2 of the Dungeon)
 w - a ring of resist corrosion (right hand)
   (You found it on level 4 of the Dungeon)
 x - a +6 ring of strength (left hand)
   (You found it on level 4 of the Dungeon)
Wands
 b - a wand of acid (11)
   (You found it on level 6 of the Dungeon)
 u - a wand of iceblast (11)
   (You found it on level 4 of the Dungeon)
 y - a wand of flame (14)
   (You found it on level 9 of the Dungeon)
 F - a wand of digging (2)
   (You found it on level 8 of the Dungeon)
Scrolls
 e - a scroll of magic mapping {unknown}
 f - 6 scrolls of teleportation {@r4}
 j - 2 scrolls of enchant armour
 l - 3 scrolls of fog
 m - a scroll of acquirement {unknown}
 n - a scroll of holy word {unknown}
 p - 3 scrolls of blinking {unknown}
 s - 2 scrolls of enchant weapon
 t - 2 scrolls of noise {unknown}
 A - a scroll of fear
 B - a scroll of immolation {unknown}
 C - a scroll of torment {unknown}
 H - a scroll of amnesia {unknown}
Potions
 c - 3 potions of curing {@q1}
 h - a potion of heal wounds {@q2}
 o - a potion of cancellation
 r - a potion of ambrosia
 v - 2 potions of lignification {!q}
 z - 2 potions of resistance
 D - a potion of haste {@q3}
 E - a potion of berserk rage
 J - 2 potions of attraction {unknown}


   Skills:
 + Level 10.2 Fighting
 * Level 9.9 Maces & Flails
 + Level 6.3 Throwing
 + Level 7.1 Dodging
 + Level 2.6 Evocations


You had 9 spell levels left.
You didn't know any spells.
Your spell library was empty.

Dungeon Overview and Level Annotations

Branches:
Dungeon (9/15)             Temple (0/1) D:6
   Lair: D:8-11         Orc: D:9-12

Altars:
Cheibriados
Dithmenos
Fedhas
Makhleb
Nemelex Xobeh
Okawaru
Qazlal
Sif Muna
Vehumet
Zin

Annotations:
D:9 exclusion: orange crystal statue


Innate Abilities, Weirdness & Mutations

You are too large for most types of armour.
You have tough skin. (AC +1)


Message History

You open the door.
There is an open door here.
There is an open door here.
There is an open door here.
You see here a +0 whip.
Things that are here:
a +0 short sword; 4 stones; a +0 spear
Items here: )))).
Items here: )))).
Items here: ))))) [.
Items here: )))).
Items here: )))).
Things that are here:
a +0 short sword; 4 stones; a +0 spear You see here a +0 whip.
There is an open door here.
There is an open door here.
Could not explore, unopened door.
Could not explore, unopened door.
You open the door.
There is an open door here.
There is an open door here.
There is an open door here.
There is an open door here.
You see here 16 stones.
There is an open door here.
There is an open door here.
There is an open door here.
There is an open door here.
There is an open door here.
There is an open door here.
Key pressed, stopping explore.
There is an open door here.
There is an open door here.
You see here +1 acid dragon scales.
There is an open door here.
There is an open door here.
Key pressed, stopping explore.
Partly explored, can't reach some items and places.
There is an open door here.
There is an open door here.
There is an open door here.
There is an open door here.
A rock wall.
The rock shatters into small pieces.
Really walk into a travel-excluded area?
The orange crystal statue glitters.
The howler monkey zombie closely misses you.
The orange crystal statue glitters.
The howler monkey zombie barely misses you.
The wight hits you from afar with a +3 spear.
You hit the orange crystal statue.
The howler monkey zombie barely misses you.
The orange crystal statue glitters topaz in the dim dungeon light.
The orange crystal statue fixes its piercing gaze on you.
Something tries to feed on your intellect!
You hit the orange crystal statue.
The wight hits you from afar with a +3 spear.
The wight hits you with a +1 vorpal war axe.
You feel drained.
Your skin crawls.
You feel strong-willed.
You can no longer call in reinforcements.
The wight hits you from afar with a +3 spear.
You feel drained.
The orange crystal statue fixes its piercing gaze on you.
You feel your power leaking away. The wight barely misses you.
A red film seems to cover your vision as you go berserk!
You feel yourself moving faster!
You feel mighty!
The wight hits you from afar with a +3 spear!
You feel drained.
The wight hits you with a +3 dire flail.
The orange crystal statue glitters.
You are confused.
The howler monkey zombie hits you. The wight barely misses you.
Unknown command.
You hit the wight.
The wight hits you from afar with a +3 spear.
You feel drained. The wight misses you.
The orange crystal statue fixes its piercing gaze on you.
You feel your power leaking away.
The howler monkey zombie hits you but does no damage.
You bump into the granite statue.
The wight hits you with a +1 vorpal war axe!
You feel drained.
The wight hits you from afar with a +3 spear!
The wight closely misses you.
Unknown command.
Unknown command.
You hit the orange crystal statue. The howler monkey zombie hits you.
The wight hits you with a +1 vorpal war axe!
The wight closely misses you.
You closely miss the howler monkey zombie.
The wight hits you with a +1 vorpal war axe!
You feel drained. The wight closely misses you.
The wight hits you with a +3 dire flail!
* * * LOW HITPOINT WARNING * * *
The orange crystal statue glitters.
You are more confused.
You closely miss the wight.
The howler monkey zombie barely misses you.
The wight hits you with a +1 vorpal war axe!
* * * LOW HITPOINT WARNING * * *
You feel drained.
* * * LOW HITPOINT WARNING * * *
x2 Unknown command.
Unknown command.
You are too berserk!
You bump into the granite statue.
The wight hits you from afar with a +3 spear.
* * * LOW HITPOINT WARNING * * *
The wight hits you with a +3 dire flail.
* * * LOW HITPOINT WARNING * * *
You feel drained. The howler monkey zombie hits you.
* * * LOW HITPOINT WARNING * * *
Unknown command.
You sock the wight!
You destroy the wight!
The wight dissolves into shadows!
The wight hits you with a +1 vorpal war axe!
* * * LOW HITPOINT WARNING * * *
x2 The wight hits you from afar with a +3 spear!
* * * LOW HITPOINT WARNING * * *
You feel drained.
* * * LOW HITPOINT WARNING * * *
The orange crystal statue fixes its piercing gaze on you.
You feel dopey. Something feeds on your intellect!
You closely miss the howler monkey zombie.
The howler monkey zombie barely misses you.
The wight hits you with a +1 vorpal war axe!
* * * LOW HITPOINT WARNING * * *
You feel drained.
* * * LOW HITPOINT WARNING * * *
x2 The wight hits you from afar with a +3 spear.
* * * LOW HITPOINT WARNING * * *
The howler monkey zombie hits you.
* * * LOW HITPOINT WARNING * * *
You're too confused to move!
You feel a strong urge to attack something.
You are no longer berserk.
You are exhausted.
You feel yourself slow down.
You feel the effects of Trog's Hand fading.
The wight hits you with a +1 vorpal war axe!
You die...

#..........# #.#
###'######## #.#
#....########### ##.#
####..$........## #..#
##########+..#8#8#..###.##
#...........#8...8#.....#
#...........8..(..8.##.##
#...........#.(8!...#.##
'...........8..z@Z8..##
#...........#8z..8#.##
#............#8#8#..#
#.............(....##
#.............>#.###
#..............###
#..............#
############'##
#.........#


You could see an orange crystal statue, 2 wights and a howler monkey zombie
(summoned).

Vanquished Creatures
  A centaur warrior (D:9)
  Pikel (D:5)
  Maggie (D:6)
  3 trolls
  Sigmund (D:4)
  2 wraiths
  Eustachio (D:6)
  5 yaks (D:8)
  A steam dragon (D:9)
  An acid dragon (D:9)
  A water moccasin (D:7)
  2 orc warriors
  A black bear (D:7)
  A hornet zombie (D:8)
  A sky beast (D:5)
  2 necrophages (D:5)
  3 ogres (D:5)
  2 centaurs
  A phantom (D:4)
  A kobold brigand (D:9)
  A gnoll sergeant (D:6)
  A bullfrog (D:7)
  3 scorpions
  2 water moccasin skeletons
  A howler monkey (D:6)
  A crimson imp (D:8)
  2 centaur zombies
  5 hounds
  4 jellies
  2 bullfrog zombies (D:6)
  A centaur skeleton (D:5)
  A gnoll shaman (D:9)
  A bullfrog skeleton (D:5)
  3 iguanas
  2 orc wizards
  A killer bee zombie (D:7)
  A hound zombie (D:5)
  A hound skeleton (D:4)
  A howler monkey zombie (D:6)
  12 gnolls
  A howler monkey skeleton (D:7)
  8 adders
  A white imp (D:5)
  An ufetubus (D:5)
  An adder skeleton (D:4)
  3 worms
  4 dart slugs
  21 orcs
  10 endoplasms
  5 giant cockroaches
  12 goblins
  13 hobgoblins
  3 jackals (D:4)
  10 kobolds
  9 quokkas
  7 ball pythons
  10 bats
  2 frilled lizards (D:2)
  11 rats
210 creatures vanquished.

Notes
Turn   | Place    | Note
-------+----------+-------------------------------------------
     0 | D:1      | CryoSword the Ogre Berserker began the quest for the Orb.
     0 | D:1      | Reached XP level 1. HP: 24/24 MP: 1/1
   205 | D:1      | Reached XP level 2. HP: 30/32 MP: 2/2
   810 | D:1      | Reached XP level 3. HP: 35/40 MP: 3/3
   901 | D:1      | Reached ** piety under Trog
  1045 | D:1      | Found a faded altar of an unknown god.
  1498 | D:2      | Reached XP level 4. HP: 31/49 MP: 4/4
  1866 | D:2      | Found a shadowy altar of Dithmenos.
  2218 | D:2      | Reached skill level 5 in Fighting
  2402 | D:2      | Reached XP level 5. HP: 49/57 MP: 5/5
  3445 | D:3      | Identified the +3 quarterstaff of Zaat {vamp, +Blink rPois
                  | Will-}
  3525 | D:3      | Reached *** piety under Trog
  3846 | D:4      | Noticed a fire elemental
  3847 | D:4      | Found a stormy altar of Qazlal.
  3925 | D:4      | Noticed a phantom
  3934 | D:4      | Killed a phantom
  3935 | D:4      | Reached XP level 6. HP: 62/67 MP: 6/6
  4304 | D:4      | Reached skill level 5 in Maces & Flails
  4429 | D:4      | Noticed a water elemental
  4431 | D:4      | Noticed an air elemental
  4590 | D:4      | Noticed Sigmund
  4602 | D:4      | Killed Sigmund
  4603 | D:4      | Reached skill level 6 in Fighting
  4603 | D:4      | Reached skill level 1 in Throwing
  4603 | D:4      | Reached XP level 7. HP: 75/75 MP: 7/7
  4863 | D:5      | Entered Level 5 of the Dungeon
  4985 | D:5      | Noticed Pikel
  5005 | D:5      | Killed Pikel
  5006 | D:5      | Reached skill level 7 in Fighting
  5006 | D:5      | Reached skill level 5 in Dodging
  5006 | D:5      | Reached XP level 8. HP: 84/87 MP: 8/8
  5204 | D:5      | Noticed a wraith
  5220 | D:5      | Killed a wraith
  5496 | D:5      | Reached XP level 9. HP: 83/96 MP: 9/9
  5637 | D:5      | Reached skill level 8 in Fighting
  5798 | D:5      | Noticed a troll
  5831 | D:5      | Killed a troll
  6156 | D:6      | Noticed Maggie
  6168 | D:6      | Killed Maggie
  6279 | D:6      | Noticed Eustachio
  6288 | D:6      | Killed Eustachio
  6497 | D:6      | Reached skill level 5 in Throwing
  6565 | D:6      | Reached skill level 9 in Fighting
  6681 | D:6      | Found a glowing silver altar of Zin.
  6818 | D:6      | Found a staircase to the Ecumenical Temple.
  7451 | D:6      | Found an iron altar of Okawaru.
  7578 | D:7      | Reached XP level 10. HP: 107/107 MP: 10/10
  7709 | D:7      | Reached skill level 1 in Evocations
  8209 | D:8      | Reached **** piety under Trog
  8327 | D:8      | Identified the +10 rapier "Ultimatum" {freeze, Fly rF+ MP+9
                  | Int-5}
  8503 | D:8      | Found a shimmering blue altar of Sif Muna.
  8582 | D:8      | Found a radiant altar of Vehumet.
  8583 | D:8      | Found a burning altar of Makhleb.
  8775 | D:9      | Found a blossoming altar of Fedhas.
  8874 | D:9      | Found a sparkling altar of Nemelex Xobeh.
  9099 | D:9      | Noticed an orange crystal statue
  9121 | D:9      | Found a snail-covered altar of Cheibriados.
  9123 | D:9      | Noticed a centaur warrior
  9135 | D:9      | Killed a centaur warrior
  9136 | D:9      | Reached skill level 10 in Fighting
  9733 | D:9      | Slain by a wight

Illustrated notes

Levels and vault maps discovered:
D:1:      elethiomel_arrival_infinity_welcomes_careful_drivers,
          layout_loops_ring, shapermc_ecumenical_altar_acropolis,
          chequers_serial_rivers_micro_e
D:2:      minmay_chambers_of_twos, layout_rooms, basic_altar, minmay_unequal
D:3:      layout_loops_ring
D:4:      layout_layer_cave, nicolae_qazlal_style_of_elements, uniq_sigmund
D:5:      cheibrodos_helix_gallery, layout_basic, grunt_tough_drop, uniq_pikel
D:6:      layout_loops_ring, zin_treasury, okawaru_altar_gauntlet_db,
          minmay_temple_entry_statues, serial_co_window_serial,
          co_window_paths_a, co_window_paths_a, co_window_corner_a,
          co_window_paths_a, co_window_paths_a, co_window_2corner,
          co_window_corner_ca, co_window_paths_c, co_window_corner_b,
          co_window_paths_c, co_window_corner_cb, co_window_sun,
          co_window_4corner_b, glass_columns_a, glass_columns_a,
          glass_columns_b, glass_columns_c, uniq_maggie, uniq_eustachio
D:7:      layout_rooms, hangedman_minor_gate_pass
D:8:      layout_basic, grunt_temple_overflow_lords_of_destruction,
          lemuel_blue_sif_altar
D:9:      layout_roguey, mainiacjoe_overflow_six_doors_small, fedhas_altar_2,
          cheibrodos_worm_habitat, hangedman_abyss_or_decor_stagger,
          minmay_statue_bubble

Skill      XL: |  1  2  3  4  5  6  7  8  9 10 |
---------------+-------------------------------+-----
Maces & Flails | 3 4 5 6 7 8 9 |  9.9
Dodging        | 3 4 5 6 7 |  7.1
Fighting       | 5 6 7 9 10 | 10.2
Throwing       | 1 3 5 6 |  6.3
Evocations     | 2 |  2.6

Action                   |  1- 3 |  4- 6 |  7- 9 | 10-12 || total
-------------------------+-------+-------+-------+-------++-------
Melee: Mace              |   144 |   150 |       |       ||   294
       Punch             |     3 |     2 |       |       ||     5
       Quarterstaff      |       |    75 |   201 |   187 ||   463
Invok: Berserk           |       |     9 |     8 |     3 ||    20
       Trog's Hand       |       |     1 |     5 |     3 ||     9
Evoke: Wand              |       |       |       |     1 ||     1
  Use: Scroll            |       |       |    10 |     5 ||    15
       Potion            |       |       |     1 |       ||     1
 Stab: Sleeping          |       |     2 |       |       ||     2
Armor: Animal skin       |    69 |    56 |     9 |       ||   134
       Acid dragon scale |       |       |    23 |    55 ||    78
       Troll leather arm |       |       |       |     4 ||     4
Dodge: Dodged            |    88 |   136 |    95 |   144 ||   463
Block: Other             |    20 |    32 |       |       ||    52
       Reflection        |       |     1 |       |       ||     1
